 Dungeon Crawl Stone Soup version 0.30-a0-1094-g860fb061e7 (webtiles) character file.

Game seed: 657712990582612935

47 tommooo the Caller (level 3, -1/20 HPs)
             Began as a Deep Elf Summoner on Apr 18, 2023.
             Slain by a goblin
             ... wielding a +0 club
             ... led by Robin
              (2 damage)
             ... on level 2 of the Dungeon.
             The game lasted 00:09:27 (1075 turns).

tommooo the Caller (Deep Elf Summoner)              Turns: 1075, Time: 00:09:29

Health: -1/20      AC:  2    Str:  5    XL:     3   Next: 48%
Magic:  4/10       EV: 12    Int: 21    God:
Gold:   4          SH:  0    Dex: 15    Spells: 9/10 levels left

rFire   . . .      SeeInvis .    d - +0 dagger
rCold   . . .      Faith    .    (no shield)
rNeg    . . .      Spirit   .    a - +0 robe
rPois   .          Reflect  .    (no helmet)
rElec   .          Rampage  .    (no cloak)
rCorr   .                        (no gloves)
Will    .....                    (no boots)
Stlth   ++                       (no amulet)
HPRegen 0.23/turn                (no ring)
MPRegen 0.12/turn                (no ring)

@: no status effects
A: no striking features
a: no special abilities


You were on level 2 of the Dungeon.
You visited 1 branch of the dungeon, and saw 2 of its levels.

You collected 4 gold pieces.

Inventory:

Hand Weapons
 d - a +0 dagger (weapon)
Missiles
 k - 2 poisoned darts
Armour
 a - a +0 robe (worn)
Scrolls
 f - a scroll of vulnerability {unknown}
 g - a scroll of noise {unknown}
 i - a scroll of identify {unknown}
 l - a scroll of magic mapping {unknown}
Potions
 b - a potion of magic
 c - a potion of mutation {unknown}
 e - a potion of attraction {unknown}
 h - a potion of flight {unknown}
 j - 2 potions of curing {unknown}


   Skills:
 + Level 0.7 Fighting
 + Level 1.0 Short Blades
 - Level 2.4 Dodging
 - Level 2.4 Stealth
 * Level 4.2 Spellcasting
 + Level 4.8 Summonings


You had 9 spell levels left.
You knew the following spells:

 Your Spells              Type           Power      Damage    Failure   Level
a - Summon Small Mammal   Summ           96%        N/A       1%          1

Your spell library contained the following spells:

 Spells                   Type           Power      Damage    Failure   Level
 Call Imp                 Summ           48%        N/A       2%          2
 Call Canine Familiar     Summ           24%        N/A       4%          3
 Summon Guardian Golem    Hex/Summ       14%        N/A       13%         3
 Summon Lightning Spire   Summ/Air       14%        N/A       41%         4


Dungeon Overview and Level Annotations

Branches:
Dungeon (2/15)

Altars:

Annotations:
D:2 Robin


Message History

You hit the goblin.
The goblin is moderately wounded.
Your quokka closely misses the hobgoblin. x2
You closely miss the goblin.
The goblin is moderately wounded.
The hobgoblin hits your quokka but does no damage.
The goblin misses your quokka. The goblin barely misses you.
Your quokka bites the hobgoblin but does no damage.
You hit the goblin.
The goblin is severely wounded.
The hobgoblin misses your quokka. The goblin barely misses your quokka.
The goblin hits you with a +0 club. The hobgoblin hits you.
Your quokka misses the goblin.
Your quokka bites the hobgoblin.
You hit the goblin.
You kill the goblin!
The hobgoblin misses your quokka.
Your quokka barely misses the goblin.
The goblin hits your quokka with a +0 club.
Your quokka dies!
Your quokka's corpse disappears in a puff of smoke!
A goblin comes into view. It is wielding a +0 dagger.
The goblin hits you with a +0 dagger.
Robin roars a battlecry!
The goblins go into a battle-frenzy!
The hobgoblin barely misses you.
Your quokka barely misses the hobgoblin.
Your Short Blades skill increases to level 1!
Your quokka barely misses the hobgoblin.
The goblin hits your quokka with a +0 club.
The hobgoblin misses your quokka. The goblin barely misses you.
The hobgoblin hits you. x2
* * * LOW HITPOINT WARNING * * *
There is a stone staircase leading up here.
You see here a +0 club.
Your quokka closely misses the hobgoblin.
Robin throws the goblin at you!
* * * LOW HITPOINT WARNING * * *
The hobgoblin barely misses your quokka.
The goblin barely misses your quokka. x2; The goblin misses you.
The goblin hits you with a +0 club.
You die...

# #. #..#######
# ..ggg...##.#
##g##grg....#
.....gg@g...#
##.##...g...#
#.............#
####.......###.
#.......#
#..g....#
#........
#.#.######


You could see Robin, 4 hobgoblins, 6 goblins and a friendly quokka (summoned).

Vanquished Creatures
  2 dart slugs (D:1)
  2 ball pythons (D:1)
  2 goblins
  A hobgoblin (D:1)
  3 jackals (D:1)
  2 bats (D:1)
  2 frilled lizards (D:1)
  2 rats (D:1)
16 creatures vanquished.

Vanquished Creatures (collateral kills)
  A gnoll (D:1)
  A dart slug (D:1)
  3 goblins
  4 hobgoblins (D:1)
  A quokka (D:1)
  2 ball pythons (D:1)
  A frilled lizard (D:1)
  A kobold (D:1)
14 creatures vanquished.

Grand Total: 30 creatures vanquished

Notes
Turn   | Place    | Note
-------+----------+-------------------------------------------
     0 | D:1      | tommooo the Deep Elf Summoner began the quest for the Orb.
     0 | D:1      | Reached XP level 1. HP: 10/10 MP: 6/6
   304 | D:1      | Reached XP level 2. HP: 14/15 MP: 6/8
   603 | D:1      | Reached XP level 3. HP: 17/20 MP: 6/10
  1068 | D:2      | Noticed Robin
  1074 | D:2      | Reached skill level 1 in Short Blades
  1075 | D:2      | HP: 1/20 [Robin/goblin (2)]
  1075 | D:2      | Slain by a goblin

Illustrated notes

Levels and vault maps discovered:
D:1:      nzn_arrival_crosshair, layout_loops_corners, hex_medium,
          minmay_tripent
D:2:      layout_loops_ring, kennysheep_nondescript, uniq_robin

Skill      XL: |  1  2  3 |
---------------+----------+-----
Spellcasting   | 4 |  4.2
Short Blades   | 1 |  1.0
Fighting       | |  0.7
Dodging        | |  2.4
Stealth        | |  2.4
Summonings     | |  4.8

Action                     || total
---------------------------++-------
  Melee: Dagger            ||    80
  Throw: Dart              ||     7
   Cast: Summon Small Mamm ||    34
   Stab: Sleeping          ||     5
 Armour: Robe              ||    10
  Dodge: Dodged            ||    67

Table legend: (Time is in decaauts)
 A = Elapsed time spent in this place.
 B = Non-inter-level travel time spent in this place.
 C = Inter-level travel time spent in this place.
 D = Time resting spent in this place.
 E = Time spent auto-exploring this place.
 F = Levels seen in this place.
 G = Mean time per level.
                   A        B        C        D        E       F      G
               +--------+--------+--------+--------+--------+-----+--------+
         Total |   1072 |   1056 |     16 |     68 |    522 |   2 |  536.0 |
       Dungeon |   1072 |   1056 |     16 |     68 |    522 |   2 |  536.0 |
               +--------+--------+--------+--------+--------+-----+--------+

Top non-repeatable levels by time:
     D:1: 1058 daAuts
     D:2: 13 daAuts
